Map: Frost LE

Players

GuMiho - Winner!

  • Race: Terran Terran

iGMacSed (MacSed)

  • Race: Protoss Protoss
  • League: Master

VOD

Have the link to the VOD?

Description

Time

  • Played on: Aug. 29, 2016, 6:56 a.m.
  • Length: 13:18
Show
View Real Time Build Order
Export as new Build Order

GuMiho Terran - Winner!

Build Orders: Reaper Expand, MMM Bio 

Get SALT Encoding   

  12  0:00  SCV  
  13  0:13  SCV  
  14  0:17  Supply Depot  
  14  0:25  SCV  
  14  0:27  Refinery  
  15  0:38  SCV  
  16  0:44  Barracks  
  16  0:50  SCV  
  17  1:02  SCV  
  18  1:15  SCV  
  19  1:31  Orbital Command  
  19  1:32  Reaper  
  20  1:44  Command Center  
  20  1:57  Factory  
  20  1:59  SCV  
  21  2:04  Barracks Reactor  
  21  2:08  Supply Depot  
  21  2:12  SCV  
  22  2:16  Refinery  
  22  2:24  SCV  
  23  2:36  SCV  
  24  2:41  Starport, Marine  
  24  2:42  Marine  
  26  2:48  SCV  
  26  2:49  Widow Mine  
  29  2:56  Orbital Command  
  29  2:59  Marine x2  
  29  3:00  SCV  
  32  3:13  SCV  
  32  3:17  Widow Mine, Marine x2  
  37  3:20  Medivac  
  37  3:22  SCV  
  37  3:25  SCV  
  41  3:30  Supply Depot  
  41  3:35  SCV  
  41  3:36  Marine  
  41  3:37  SCV, Marine  
  44  3:47  Barracks, SCV  
  45  3:49  SCV  
  45  3:51  Factory Tech Lab  
  45  3:52  Medivac  
  48  3:57  Marine x2  
  50  4:02  Refinery  
  50  4:03  Supply Depot  
  50  4:04  SCV x2  
  52  4:11  Supply Depot  
  52  4:19  Marine  
  52  4:20  Marine  
  52  4:23  Liberator  
  54  4:25  Siege Tank, SCV x2  
  58  4:37  SCV x2  
  58  4:38  Barracks Tech Lab, Marine x2  
  64  4:45  Engineering Bay  
  64  4:47  Bunker, Refinery  
  64  4:49  Supply Depot  
  64  4:51  SCV  
  66  4:52  SCV  
  66  4:57  Stimpack  
  66  5:00  Siege Tank  
  66  5:04  SCV  
  70  5:10  SCV  
  71  5:18  Terran Infantry Weapons Level 1  
  71  5:21  Command Center  
  71  5:23  SCV  
  71  5:24  SCV  
  73  5:29  Supply Depot  
  73  5:33  Supply Depot  
  73  5:36  Missile Turret  
  73  5:38  Starport Reactor  
  73  5:39  Siege Tank, Marine  
  73  5:41  Marine  
  78  5:50  Marine  
  76  6:00  Marine x2  
  76  6:02  SCV x2  
  80  6:07  Supply Depot  
  80  6:08  Marine  
  81  6:15  Medivac x2  
  81  6:18  SCV x2, Barracks  
  85  6:20  Barracks  
  85  6:21  Barracks  
  85  6:22  Supply Depot  
  85  6:23  Missile Turret, Factory Reactor  
  87  6:30  SCV, Liberator  
  87  6:32  Marine x3, Liberator  
  88  6:34  Orbital Command  
  88  6:36  SCV  
  92  6:43  SCV, Supply Depot  
  92  6:44  Supply Depot  
  99  6:56  Marine x3  
  99  6:58  Combat Shields  
  102  7:03  SCV x2  
  103  7:13  Orbital Command, Supply Depot  
  101  7:16  Terran Infantry Armor Level 1  
  101  7:17  Liberator x2  
  101  7:18  Marauder x2  
  101  7:21  Marine x2  
  101  7:22  Barracks Reactor, Barracks Tech Lab  
  107  7:23  Concussive Shells  
  107  7:25  SCV x2, Supply Depot  
  109  7:33  Widow Mine x2  
  109  7:36  Orbital Command  
  120  7:37  SCV  
  112  7:50  Marauder x2, Marine x3  
  103  7:55  SCV x2  
  105  8:01  Marine x2  
  105  8:02  SCV  
  108  8:07  SCV x2  
  108  8:08  Widow Mine x2, Marine x3  
  117  8:16  Sensor Tower  
  117  8:17  Missile Turret, Armory  
  117  8:18  Engineering Bay  
  116  8:20  Marauder x2, Marine  
  116  8:24  SCV  
  116  8:25  SCV  
  116  8:26  SCV  
  124  8:39  Marauder, Marine x3  
  129  8:44  SCV x2  
  129  8:45  SCV  
  130  8:49  Refinery x2  
  130  8:51  Marine x3  
  130  8:54  Medivac x2  
  134  9:01  Supply Depot  
  134  9:02  Supply Depot  
  134  9:03  Supply Depot  
  134  9:05  Marauder, Marine x3  
  134  9:09  Barracks x2  
  137  9:10  Command Center  
  137  9:11  Barracks  
  137  9:13  Terran Infantry Weapons Level 2, Supply Depot  
  137  9:15  Terran Infantry Armor Level 2, Supply Depot  
  137  9:22  Marauder  
  139  9:25  Marine x4  
  139  9:26  Marine  
  139  9:28  Marauder  
  146  9:37  Ghost Academy  
  146  9:43  Marine x4  
  146  9:44  Marauder x2  
  154  9:49  Medivac, Widow Mine x2  
  154  9:50  Medivac  
  162  9:57  Missile Turret  
  161  10:00  Terran Ship Weapons Level 1  
  159  10:10  Marauder, Marine  
  156  10:21  Marine  
  156  10:22  Marauder, Marine x3  
  156  10:24  Barracks Reactor, Barracks Tech Lab x2, Widow Mine x2  
  156  10:25  Medivac x2  
  156  10:28  Marine  
  167  10:32  Marauder  
  133  10:39  Marine x2  
  133  10:40  Marine  
  128  10:43  Planetary Fortress  
  128  10:46  Marine  
  134  10:53  Marauder  
  134  10:54  Ghost x2  
  134  10:57  Marine x3  
  129  11:12  Marine x2  
  129  11:13  Marine  
  129  11:14  Marine  
  129  11:15  Marine x3  
  129  11:16  Medivac x2  
  138  11:24  Marauder x4  
  144  11:30  Marine x2  
  145  11:33  Marauder, Marine x3  
  145  11:34  Marine  
  151  11:44  Missile Turret  
  151  11:45  Marauder  
  151  11:46  Marauder  
  155  11:51  Marauder, Marine  
  155  11:52  Marine x2  
  155  11:53  Marine x2  
  162  11:54  Marine  
  162  11:56  Marine  
  162  11:57  Marine  
  164  12:06  Marine  
  164  12:07  Marauder  
  156  12:09  Marine x2  
  156  12:10  Marine  
  156  12:11  Marine x2  
  156  12:12  Marauder, Marine  
  156  12:15  Marauder  
  157  12:16  Marauder  
  157  12:17  Medivac x2  
  157  12:24  Orbital Command, Marine  
  157  12:27  Marine x3  
  157  12:28  Widow Mine x2, Marauder  
  157  12:29  Marine  
  168  12:34  Marauder  
  168  12:36  Marine  
  168  12:37  Marauder x2, Marine  
  173  12:42  Marauder  
  178  12:44  Marine  
  178  12:45  Marine  
  178  12:50  Marine, Marauder  
  183  12:55  Marauder  
  187  12:58  Marine  
  187  12:59  Marine x2  
Show
View Real Time Build Order
Export as new Build Order

iGMacSed Protoss 

Build Orders: 1 Gate Expand, Blink Stalkers 

Get SALT Encoding   

  12  0:01  Probe (Chrono Boost)  
  13  0:11  Probe (Chrono Boost)  
  14  0:17  Pylon  
  14  0:22  Probe (Chrono Boost)  
  16  0:35  Probe (Chrono Boost)  
  16  0:36  Gateway  
  16  0:46  Probe (Chrono Boost)  
  16  0:47  Assimilator  
  17  0:57  Probe (Chrono Boost)  
  18  1:07  Probe (Chrono Boost)  
  19  1:20  Nexus  
  19  1:23  Probe (Chrono Boost)  
  20  1:32  Cybernetics Core  
  20  1:35  Probe (Chrono Boost)  
  21  1:42  Assimilator  
  21  1:46  Probe (Chrono Boost)  
  22  1:51  Pylon  
  22  1:56  Probe (Chrono Boost)  
  23  2:10  Mothership Core (Chrono Boost)  
  23  2:12  Adept  
  27  2:20  Warp Gate  
  27  2:28  Probe (Chrono Boost)  
  28  2:33  Probe (Chrono Boost)  
  29  2:39  Probe (Chrono Boost)  
  29  2:43  Probe (Chrono Boost)  
  31  2:48  Robotics Facility  
  31  2:50  Probe (Chrono Boost)  
  32  2:54  Probe (Chrono Boost)  
  33  3:00  Probe (Chrono Boost)  
  33  3:01  Twilight Council  
  33  3:05  Probe (Chrono Boost)  
  35  3:11  Probe (Chrono Boost)  
  36  3:15  Probe (Chrono Boost)  
  36  3:17  Gateway  
  36  3:18  Gateway  
  37  3:21  Probe (Chrono Boost)  
  37  3:26  Probe (Chrono Boost)  
  39  3:33  Probe (Chrono Boost), Pylon, Observer  
  40  3:36  Probe (Chrono Boost)  
  42  3:45  Probe (Chrono Boost)  
  42  3:47  Probe (Chrono Boost), Pylon  
  44  3:53  Observer  
  45  3:56  Blink  
  45  3:57  Probe x2 (Chrono Boost)  
  45  4:02  Assimilator  
  47  4:08  Probe (Chrono Boost)  
  47  4:09  Probe (Chrono Boost)  
  49  4:18  Probe (Chrono Boost)  
  49  4:21  Probe (Chrono Boost)  
  51  4:24  Stalker x3  
  51  4:31  Nexus  
  54  4:37  Probe (Chrono Boost)  
  54  4:41  Probe (Chrono Boost)  
  54  4:42  Pylon  
  55  4:47  Observer  
  55  4:49  Probe (Chrono Boost), Stalker  
  55  4:52  Probe (Chrono Boost)  
  60  4:53  Pylon  
  60  4:55  Stalker  
  62  5:02  Probe (Chrono Boost)  
  62  5:05  Stalker, Pylon  
  66  5:07  Probe (Chrono Boost)  
  66  5:13  Stalker  
  69  5:15  Probe (Chrono Boost)  
  69  5:18  Probe (Chrono Boost)  
  70  5:21  Stalker  
  70  5:22  Assimilator  
  70  5:27  Probe (Chrono Boost)  
  74  5:28  Probe (Chrono Boost)  
  74  5:33  Stalker  
  76  5:37  Pylon  
  76  5:39  Probe (Chrono Boost)  
  76  5:40  Stalker, Observer  
  81  5:43  Probe (Chrono Boost)  
  82  5:51  Probe (Chrono Boost)  
  82  5:54  Probe (Chrono Boost)  
  83  5:57  Probe (Chrono Boost)  
  83  6:03  Probe (Chrono Boost), Immortal  
  82  6:04  Probe (Chrono Boost)  
  82  6:05  Gateway x2  
  82  6:09  Gateway  
  87  6:12  Sentry x2  
  87  6:13  Sentry  
  87  6:16  Probe (Chrono Boost)  
  87  6:17  Probe (Chrono Boost)  
  87  6:18  Probe (Chrono Boost)  
  96  6:22  Pylon  
  96  6:26  Forge  
  96  6:27  Probe (Chrono Boost)  
  96  6:30  Pylon  
  96  6:32  Probe (Chrono Boost)  
  98  6:34  Probe (Chrono Boost)  
  99  6:40  Immortal  
  99  6:42  Gateway  
  99  6:43  Gateway  
  99  6:46  Adept  
  105  6:47  Adept  
  105  6:48  Protoss Ground Weapons Level 1  
  107  6:54  Adept  
  107  6:59  Probe (Chrono Boost)  
  110  7:04  Adept x3  
  110  7:07  Pylon  
  110  7:17  Adept x3  
  116  7:26  Probe (Chrono Boost), Photon Cannon  
  116  7:27  Probe x2 (Chrono Boost)  
  113  7:31  Stalker x3  
  113  7:36  Probe (Chrono Boost)  
  120  7:39  Probe (Chrono Boost)  
  115  7:46  Immortal  
  107  7:56  Resonating Glaives  
  107  7:57  Stalker x5  
  107  7:58  Stalker x3  
  121  8:02  Probe (Chrono Boost)  
  121  8:04  Pylon  
  122  8:10  Pylon  
  122  8:12  Pylon  
  122  8:18  Gateway  
  122  8:21  Gateway  
  122  8:23  Sentry x2  
  122  8:24  Adept x2  
  131  8:28  Probe (Chrono Boost)  
  131  8:30  Photon Cannon  
  126  8:41  Photon Cannon  
  126  8:47  Probe (Chrono Boost)  
  127  8:50  Assimilator, Adept x3  
  127  8:51  Assimilator  
  131  8:56  Adept x4  
  131  9:02  Probe (Chrono Boost)  
  140  9:03  Probe (Chrono Boost)  
  140  9:06  Adept  
  143  9:12  Pylon  
  143  9:13  Protoss Ground Armor Level 1, Pylon  
  143  9:20  Adept x3  
  143  9:21  Adept x2  
  143  9:23  Pylon  
  151  9:46  Pylon  
  151  9:48  Pylon  
  151  9:50  Adept x5  
  161  9:54  Stalker  
  163  10:03  Nexus  
  163  10:06  Stalker x4  
  133  10:44  Probe (Chrono Boost)  
  133  10:45  Probe (Chrono Boost), Adept x5  
  133  10:46  Adept x3  
  149  11:05  Pylon  
  137  11:12  Stalker x7  
  137  11:13  Stalker  
  153  11:18  Pylon  
  153  11:21  Pylon  
  153  11:27  Templar Archives  
  153  11:35  Pylon  
  153  11:38  Sentry x4  
  161  11:41  Stalker x3  
  167  11:49  Stalker x2  
  139  12:14  Adept x8  
  88  12:24  Stalker  
  88  12:26  Immortal  
  94  12:34  High Templar x2  
  94  12:35  High Templar x2  
  94  12:36  High Templar x2  
  106  12:38  Archon  
  106  12:39  Archon  
  106  12:40  Stalker x2  
  106  12:41  Archon  
  110  12:48  Stalker  
Tags
 
Add a new tag
Caveats
  • Supply blocks, unpowered buildings, or Contaminate may cause inaccurate times.
  • Supply counts are checked every 10 seconds.